 Dungeon Crawl Stone Soup version 0.29.1-14-g9c671dbff4 (webtiles) character file.

Game seed: 14600004345329653116

58 croobank the Sneak (level 4, -1/31 HPs)
             Began as an Octopode Delver on Feb 14, 2023.
             Slain by a white imp (2 damage)
             ... on level 5 of the Dungeon.
             The game lasted 00:01:46 (84 turns).

croobank the Sneak (Octopode Delver)                  Turns: 84, Time: 00:01:47

Health: -1/31      AC:  1    Str: 11    XL:     4   Next: 2%
Magic:  4/4        EV: 13    Int: 14    God:
Gold:   16         SH:  0    Dex: 13    Spells: 3/3 levels left

rFire   . . .      SeeInvis .   a - +0 hand axe
rCold   . . .      Faith    .   (no shield)
rNeg    . . .      Spirit   .   (helmet restricted)
rPois   .          Reflect  .   (no amulet)
rElec   .          Harm     .   (no ring)
rCorr   .          Rampage  .   (no ring)
Will    .....                   (no ring)
Stlth   ++++......              (no ring)
HPRegen 0.10/turn               (no ring)
MPRegen 0.09/turn               (no ring)
                                (no ring)
                                (no ring)

@: no status effects
A: almost no armour, amphibious, 8 rings, camouflage 1, gelatinous body 1,
(nimble swimmer 1), tentacles
a: no special abilities


You were on level 5 of the Dungeon.
You visited 1 branch of the dungeon, and saw 2 of its levels.

You collected 16 gold pieces.

Inventory:

Hand Weapons
 a - a +0 hand axe (weapon)
 e - a +0 long sword of protection
 g - a +0 falchion
Wands
 f - a wand of digging (3)
Scrolls
 b - a scroll of fog


   Skills:
 + Level 3.5 Fighting
 + Level 2.6 Axes
 + Level 2.6 Dodging
 + Level 7.1 Stealth


You had 3 spell levels left.
You didn't know any spells.
Your spell library was empty.

Dungeon Overview and Level Annotations

Branches:
Dungeon (6/15)             Temple (0/1) D:5

Altars:


Innate Abilities, Weirdness & Mutations

You cannot wear most types of armour.
You are amphibious.
You can wear up to eight rings at the same time.
Your skin changes colour to match your surroundings (Stealth+).
Your rubbery body absorbs attacks. (AC +1, EV +1)
((You are camouflaged when in or above water. (Stealth+)))
You have tentacles for arms and can constrict up to eight enemies at once.


Message History

The necrophage is severely damaged.
You constrict the necrophage. The necrophage hits you.
You feel drained.
You hit the necrophage.
The necrophage is almost destroyed.
You constrict the necrophage. The necrophage barely misses you.
The necrophage misses you.
You hit the necrophage.
You destroy the necrophage!
Your life force feels restored.
Your Stealth skill increases to level 7!
You have reached level 2!
You have reached level 3!
Your experience leads to an increase in your attributes!
Increase (S)trength, (I)ntelligence, or (D)exterity?
Uppercase letters only, please.
You feel clever. x2
You have reached level 4!
You don't know any spells.
You hit the white imp but do no damage. Your grab misses the white imp.
The white imp hits you.
* * * LOW HITPOINT WARNING * * *
The white imp freezes you.
* * * LOW HITPOINT WARNING * * *
You aren't carrying any potions.
Okay, then.
You hit the white imp. Your grab misses the white imp.
The white imp is moderately wounded.
The white imp spits at you. The white imp misses you.
You barely miss the white imp. You grab the white imp.
The white imp is moderately wounded.
You constrict the white imp.
The white imp hits you but does no damage.
You release your grip on the white imp.
You hit the white imp. Your grab misses the white imp.
The white imp is severely wounded.
The white imp hits you.
* * * LOW HITPOINT WARNING * * *
The white imp freezes you.
You die...

*** ***+***** *, ..# *,,,,,,,* *,
..# *,,,,,,,* *, ..# *,,,,,,,*
********, ..# *,,,,,,,* *,,,,,,,,
..# *,,,,,,,* **,****** ..#
*,,,,**** *,*
..#######+###############*,******
..+...........S5@........,,,,,,,,
..##..##...#..###.....##**,******
..##.#..#.#....##.....# *,**
..##.#....#..#.##.....# **,,*****
......#....##..##.....# *,,,,,,,,
####.."..>.S...##.....# *,*****,,
,,<#.5##....#.........# *,*,,,*,,
.....#..#....#........# *,*,,,*,,
........#.#..#......###**,**+**,,


You could see a water moccasin and a white imp.

Vanquished Creatures
  A necrophage (D:5)
1 creature vanquished.

Notes
Turn   | Place    | Note
-------+----------+-------------------------------------------
     0 | D:5      | croobank the Octopode Delver began the quest for the Orb.
     0 | D:5      | Reached XP level 1. HP: 16/16 MP: 1/1
     1 | D:6      | Noticed a black bear
    22 | D:5      | Noticed a necrophage
    43 | D:5      | Found a staircase to the Ecumenical Temple.
    45 | D:5      | Noticed a scorpion
    50 | D:5      | Noticed a water moccasin
    64 | D:5      | Noticed a centaur
    79 | D:5      | Killed a necrophage
    80 | D:5      | Reached skill level 7 in Stealth
    80 | D:5      | Reached XP level 2. HP: 7/21 MP: 2/2
    80 | D:5      | Reached XP level 3. HP: 8/26 MP: 3/3
    80 | D:5      | Reached XP level 4. HP: 10/31 MP: 4/4
    84 | D:5      | HP: 1/31 [white imp (2)]
    84 | D:5      | Slain by a white imp

Illustrated notes

Levels and vault maps discovered:
D:5:      layout_basic, kennysheep_slug_shrine, minmay_temple_entry_mini_moons,
          dreamdust_gnoll_farm, uniq_prince_ribbit1
D:6:      layout_cave_pools

Skill      XL: |  1 |
---------------+----+-----
Stealth        | 7 |  7.1
Fighting       | |  3.5
Axes           | |  2.6
Dodging        | |  2.6

Action                   |  1- 3 |  4- 6 || total
-------------------------+-------+-------++-------
Melee: Hand axe          |     7 |     4 ||    11
       Constrict         |     1 |     1 ||     2
       Tentacles         |     1 |       ||     1
  Use: Scroll            |     2 |       ||     2
       Potion            |     1 |       ||     1
Armor: Skin              |       |     1 ||     1
Dodge: Dodged            |    11 |     1 ||    12
